 Dungeon Crawl Stone Soup version 0.26.0-9-gab577f9fc5 (webtiles) character file.

Game seed: 7311521767367388117

48 DildoBatman the Conjurer (level 4, 0/30 HPs)
             Began as a Formicid Conjurer on Jan 13, 2021.
             Succumbed to an adder's poison
             ... on level 4 of the Dungeon.
             The game lasted 00:03:09 (1034 turns).

DildoBatman the Conjurer (Formicid Conjurer)        Turns: 1034, Time: 00:03:10

Health: 0/30       AC:  5    Str: 12    XL:     4   Next: 0%
Magic:  5/7        EV: 12    Int: 18    God:
Gold:   57         SH:  0    Dex:  9    Spells: 4/7 levels left

rFire    . . .     SeeInvis +   d - +0 short sword
rCold    . . .     Faith    .   (no shield)
rNeg     . . .     Spirit   .   l - +0 robe (curse)
rPois    .         Reflect  .   (helmet unavailable)
rElec    .         Harm     .   (no cloak)
rCorr    .         Rampage  .   (no gloves)
Will     .....                  h - +2 pair of boots
Stlth    ++........             r - amulet of magic regeneration
HPRegen  0.10/turn              (no ring)
MPRegen  0.10/turn              (no ring)

@: lethally poisoned (0 -> -7)
A: permanent stasis, dig shafts and tunnels, four strong arms, antennae 3
a: Dig, Shaft Self


You were on level 4 of the Dungeon.
You visited 1 branch of the dungeon, and saw 3 of its levels.

You collected 57 gold pieces.

Inventory:

Hand Weapons
 b - a +0 club
 d - a +0 short sword (weapon)
Missiles
 e - 17 stones
 f - 20 bolts
Armour
 h - a +2 pair of boots (worn)
 l - a cursed +0 robe (worn)
 m - a cursed +0 leather armour
Jewellery
 r - an amulet of magic regeneration (around neck)
Scrolls
 c - a scroll of magic mapping {unknown}
 g - 2 scrolls of identify {unknown}
 k - a scroll of amnesia {unknown}
Potions
 i - a potion of berserk rage {unknown}


   Skills:
 - Level 1.7 Dodging
 - Level 2.4 Stealth
 - Level 2.1 Spellcasting
 * Level 4.8 Conjurations


You had 4 spell levels left.
You knew the following spells:

 Your Spells              Type           Power        Failure   Level
a - Searing Ray           Conj           38%          3%          2
c - Magic Dart            Conj           76%          2%          1

Your spell library contained the following spells:

 Spells                   Type           Power        Failure   Level
 Dazzling Flash           Conj/Hex       20%          21%         3
 Fulminant Prism          Conj/Hex       5%           54%         4
 Iskenderun's Mystic Bla  Conj/Tloc      10%          54%         4


Dungeon Overview and Level Annotations

Branches:
Dungeon (2/15)

Altars:
The Shining One


Innate Abilities, Weirdness & Mutations

You cannot be hasted, slowed, berserked, paralysed or teleported.
You can dig through walls and to a lower floor.
Your four strong arms can wield two-handed weapons with a shield.
You have a pair of large antennae on your head. (SInv)


Message History

What are your orders? t - Shout!
Orders for allies: a - Attack new target. r - Retreat! s - Stop attacking. g - Guard the area. f - Follow me.
Anything else - Cancel.
You shout for attention!
You feel sick. The adder bites you but does no damage. The adder misses you.
The phantom hits you.
The phantom blinks!
What are your orders? t - Shout!
Orders for allies: a - Attack new target. r - Retreat! s - Stop attacking. g - Guard the area. f - Follow me.
Anything else - Cancel.
You shout for attention!
You die...

{ { ###
#.. #.#
#
#ยง#.#
#@..#
#.S.#
#...#
#.....
.#.###.
# #W ..
# #


You could see a phantom and an adder.

Vanquished Creatures
  An adder (D:2)
  A dart slug (D:1)
  4 bats
  2 giant cockroaches (D:1)
  4 goblins
  9 hobgoblins
  A frilled lizard (D:1)
  7 kobolds
  3 rats
32 creatures vanquished.

Notes
Turn   | Place    | Note
-------+----------+-------------------------------------------
     0 | D:1      | DildoBatman the Formicid Conjurer began the quest for the
                  | Orb.
     0 | D:1      | Reached XP level 1. HP: 13/13 MP: 3/3
   205 | D:1      | Reached XP level 2. HP: 19/19 MP: 1/5
   223 | D:1      | Reached skill level 4 in Conjurations
   462 | D:1      | Reached XP level 3. HP: 24/24 MP: 1/6
   490 | D:1      | Learned a level 2 spell: Searing Ray
   543 | D:1      | Found a glowing golden altar of the Shining One.
  1013 | D:2      | Reached XP level 4. HP: 30/30 MP: 3/7
  1015 | D:2      | You fall into a shaft and drop 2 floors!
  1017 | D:4      | Noticed a phantom
  1033 | D:4      | HP: 1/30 [phantom (3)]
  1034 | D:4      | Succumbed to an adder's poison

Illustrated notes

Levels and vault maps discovered:
D:1:      dpeg_arrival_pits, layout_basic, tso_altar
D:2:      layout_basic, minmay_pentomino_pile
D:4:      layout_loops_ring, old_standard_altar,
          gammafunk_temple_overflow_statue, kennysheep_small_circle

Skill      XL: |  1  2 |
---------------+-------+-----
Conjurations   | 4 |  4.8
Dodging        | |  1.7
Stealth        | |  2.4
Spellcasting   | |  2.1

Action                   |  1- 3 |  4- 6 || total
-------------------------+-------+-------++-------
Melee: Unarmed           |     2 |       ||     2
       Short sword       |    29 |       ||    29
 Cast: Magic Dart        |    39 |       ||    39
       Searing Ray       |     2 |       ||     2
 Abil: Dig               |     2 |       ||     2
       Shaft Self        |       |     1 ||     1
Armor: Robe              |    13 |     3 ||    16
Dodge: Dodged            |    29 |     9 ||    38
